 Dungeon Crawl Stone Soup version 0.24-a0-520-g8fd06ad0bc (webtiles) character file.

Game seed: 17484914760580831601

1346 vurker the Quickloader (level 8, -2/51 HPs)
             Began as a Kobold Hunter on July 27, 2019.
             Succumbed to Harold's poison
             ... on level 7 of the Dungeon.
             The game lasted 00:11:13 (6577 turns).

vurker the Quickloader (Kobold Hunter)              Turns: 6577, Time: 00:11:13

Health: -2/51      AC: 11    Str: 11    XL:     8   Next: 94%
Magic:  8/8        EV:  7    Int: 13    God:
Gold:   309        SH:  0    Dex: 15    Spells: 7/7 levels left

rFire    . . .     SeeInvis .   b - +4 short sword
rCold    . . .     Gourm    .   (shield restricted)
rNeg     . . .     Faith    .   u - +0 chain mail
rPois    .         Spirit   .   (no helmet)
rElec    .         Reflect  .   l - +2 cloak
rCorr    .         Harm     .   (no gloves)
MR       +....                  (no boots)
Stlth    ..........             (no amulet)
HPRegen  0.17/turn              m - ring of protection from magic
MPRegen  0.11/turn              (no ring)

@: lethally poisoned (-2 -> -32), marked
A: small, carnivore
a: no special abilities


You were on level 7 of the Dungeon.
You were very full.

You visited 1 branch of the dungeon, and saw 7 of its levels.

You collected 309 gold pieces.

Inventory:

Hand Weapons
 a - a +1 hand crossbow
 b - a +4 short sword (weapon)
   (You found it on level 1 of the Dungeon)
Missiles
 d - 3 bolts
Armour
 l - a +2 cloak (worn)
   (You found it on level 1 of the Dungeon)
 u - a +0 chain mail (worn)
   (You found it on level 6 of the Dungeon)
Jewellery
 m - a ring of protection from magic (left hand)
   (You found it on level 3 of the Dungeon)
Scrolls
 c - a scroll of remove curse
 i - 3 scrolls of identify
 k - 3 scrolls of teleportation
Potions
 f - a potion of degeneration {unknown}
 g - 2 potions of flight {unknown}
 h - 3 potions of might
 j - 3 potions of cancellation
 n - a potion of mutation {unknown}
 o - a potion of curing {unknown}
 p - a potion of resistance
 q - 2 potions of agility
 s - a potion of ambrosia {unknown}
 t - a potion of heal wounds
 v - a potion of brilliance {unknown}
Comestibles
 e - 8 rations


   Skills:
 + Level 6.2 Fighting
 - Level 5.0 Short Blades
 * Level 10.3 Crossbows
 - Level 2.4 Dodging
 - Level 1.3 Stealth


You had 7 spell levels left.
You didn't know any spells.
Your spell library contained the following spells:

 Spells                   Type           Power        Failure   Level  Hunger
 Corona                   Hex            #......      100%        1    ##.....
 Freeze                   Ice            #...         100%        1    ##.....
 Magic Dart               Conj           #...         100%        1    ##.....
 Blink                    Tloc           N/A          100%        2    ###....
 Call Imp                 Summ           #.......     100%        2    ###....
 Slow                     Hex            #.......     100%        2    ###....
 Throw Frost              Conj/Ice       #.....       100%        2    ###....
 Conjure Flame            Conj/Fire      #.......     100%        3    ####...
 Inner Flame              Hex/Fire       #.......     100%        3    ####...
 Mephitic Cloud           Conj/Pois/Air  #.......     100%        3    ####...
 Ozocubu's Armour         Chrm/Ice       #.......     100%        3    ####...
 Portal Projectile        Hex/Tloc       #.....       100%        3    ####...
 Cause Fear               Hex            #.........   100%        4    #####..
 Leda's Liquefaction      Hex/Erth       #.........   100%        4    #####..
 Summon Ice Beast         Ice/Summ       #.......     100%        4    #####..
 Throw Icicle             Conj/Ice       #.......     100%        4    #####..


Dungeon Overview and Level Annotations

Branches:
Dungeon (7/15)
 Temple: D:4-7

Altars:
Ashenzari
Cheibriados
Nemelex Xobeh
Sif Muna
Vehumet

Annotations:
D:7 Harold


Innate Abilities, Weirdness & Mutations

You are small and have problems with some larger weapons.
You are carnivorous and can eat meat at any time.


Message History

Harold gestures at you while chanting. A sentinel's mark forms upon you.
r - a throwing net Harold throws a throwing net.
The throwing net hits you.
You become entangled in the net!
You struggle against the net.
You struggle against the net.
Harold hits you with a +7 hand axe of venom!
You struggle against the net.
Harold hits you with a +7 hand axe of venom!
* * * LOW HITPOINT WARNING * * *
You are poisoned.
You rip the net and break free!
You feel sick.
Harold hits you with a +7 hand axe of venom.
* * * LOW HITPOINT WARNING * * *
Throwing (i - inventory)
r - a throwing net (quivered)
Aim: Harold, wielding a +7 hand axe of venom and wearing a +0 ring mail (moderately wounded, unusually resistant)
You throw a throwing net. The throwing net barely misses Harold.
You feel sick.
Harold hits you with a +7 hand axe of venom!
* * * LOW HITPOINT WARNING * * *
You are more poisoned.
* * * LOW HITPOINT WARNING * * *
You feel sick.
You feel much better.
* * * LOW HITPOINT WARNING * * *
You feel very sick. Harold barely misses you.
* * * LOW HITPOINT WARNING * * *
You feel sick.
* * * LOW HITPOINT WARNING * * *
You feel sick.
Harold throws a throwing net.
The throwing net hits you.
You become entangled in the net!
You see here a throwing net.
Okay, then.
You struggle against the net.
* * * LOW HITPOINT WARNING * * *
You feel sick.
You feel much better.
You feel sick.
Harold hits you with a +7 hand axe of venom!
* * * LOW HITPOINT WARNING * * *
You tear a large gash into the net.
* * * LOW HITPOINT WARNING * * *
You feel sick.
You rip the net and break free!
* * * LOW HITPOINT WARNING * * *
You feel sick.
Harold hits you with a +7 hand axe of venom!
* * * LOW HITPOINT WARNING * * *
You are more poisoned.
You die...

#.......#
#.#####.#
#.#####.#####
#####...........#
##...#..####.###.#
#<......##.....#
##....#.#....#.#
#..(.#.#..###.#
##...#.#..# #@#
#####.#..# #.#
#.#..###@#
#(......(#
.(######### .


You could see Harold.

Vanquished Creatures
  Menkaure (D:6)
  2 ice beasts
  A phantom (D:6)
  An ogre (D:6)
  A centaur (D:6)
  A bullfrog (D:6)
  A scorpion (D:5)
  A crimson imp (D:5)
  A jelly (D:6)
  A centaur zombie (D:7)
  A hound (D:5)
  An orc priest (D:4)
  An iguana (D:6)
  5 orc wizards
  A worker ant (D:6)
  A hound zombie (D:6)
  2 hound skeletons (D:6)
  2 worker ant zombies
  7 gnolls
  9 adders
  A shadow imp (D:6)
  2 oozes
  An adder zombie (D:6)
  2 worms (D:4)
  4 dart slugs
  4 leopard geckos
  5 orcs
  6 giant cockroaches
  11 goblins
  3 hobgoblins
  8 jackals
  5 quokkas
  A ball python (D:2)
  3 bats
  3 frilled lizards
  A jackal skeleton (D:4)
  7 kobolds
  A leopard gecko skeleton (D:4)
  A quokka zombie (D:5)
  4 rats
114 creatures vanquished.

Notes
Turn   | Place    | Note
-------+----------+-------------------------------------------
     0 | D:1      | vurker the Kobold Hunter began the quest for the Orb.
     0 | D:1      | Reached XP level 1. HP: 12/12 MP: 1/1
    86 | D:1      | Reached skill level 1 in Short Blades
    86 | D:1      | Reached skill level 5 in Crossbows
    86 | D:1      | Reached XP level 2. HP: 9/18 MP: 2/2
   772 | D:1      | Reached XP level 3. HP: 17/22 MP: 3/3
  1001 | D:1      | Found a sparkling altar of Nemelex Xobeh.
  2132 | D:2      | Reached XP level 4. HP: 13/27 MP: 4/4
  2506 | D:3      | Found a radiant altar of Vehumet.
  2629 | D:3      | Reached XP level 5. HP: 24/32 MP: 5/5
  2885 | D:3      | Reached skill level 6 in Crossbows
  3510 | D:4      | Reached XP level 6. HP: 37/37 MP: 6/6
  3804 | D:4      | Reached skill level 5 in Short Blades
  4012 | D:4      | You fall into a shaft and drop 1 floor!
  4012 | D:5      | Entered Level 5 of the Dungeon
  4039 | D:5      | Reached skill level 7 in Crossbows
  4045 | D:5      | Reached XP level 7. HP: 36/42 MP: 7/7
  4399 | D:5      | Found a snail-covered altar of Cheibriados.
  4411 | D:5      | Reached skill level 8 in Crossbows
  4418 | D:5      | Found a shattered altar of Ashenzari.
  4419 | D:5      | Found a deep blue altar of Sif Muna.
  5105 | D:6      | Reached skill level 5 in Fighting
  5105 | D:6      | Reached XP level 8. HP: 33/49 MP: 8/8
  5262 | D:6      | Reached skill level 9 in Crossbows
  5629 | D:6      | Noticed Menkaure
  5638 | D:6      | Killed Menkaure
  5638 | D:6      | Reached skill level 10 in Crossbows
  6552 | D:7      | Noticed Harold
  6576 | D:7      | HP: 1/51 [Harold/+7 hand axe of venom (14)]
  6577 | D:7      | Succumbed to Harold's poison

Levels and vault maps discovered:
D:1:      lightli_arrival_boilingwater, layout_loops_ring,
          minmay_misc_feat_secret_circle, nemelex_diamond_rough_becter
D:2:      layout_basic, grunt_ministairs_7, grunt_decor_arrowhead
D:3:      layout_basic, old_standard_altar
D:4:      layout_rooms, first_ration
D:5:      layout_rooms, kennysheep_mini, grunt_temple_overflow_open
D:6:      layout_basic, uniq_menkaure
D:7:      layout_basic, minmay_temple_entry_nine_rooms, uniq_harold, uniq_joseph

Skill      XL: |  1  2  3  4  5  6  7  8 |
---------------+-------------------------+-----
Short Blades   | 1 2 3 4 5 |  5.0
Crossbows      | 5 6 7 8 10 | 10.3
Fighting       | 3 5 6 |  6.2
Dodging        | |  2.4
Stealth        | |  1.3

Action                   |  1- 3 |  4- 6 |  7- 9 || total
-------------------------+-------+-------+-------++-------
Melee: Short sword       |    83 |    95 |   145 ||   323
 Fire: Hand crossbow     |     2 |    81 |    56 ||   139
Throw: Throwing net      |       |       |     1 ||     1
  Use: Scroll            |       |       |    12 ||    12
       Potion            |       |       |     2 ||     2
 Stab: Sleeping          |     4 |     2 |     1 ||     7
  Eat: Chunk             |    12 |     6 |     7 ||    25
Armor: Leather armour    |    12 |     4 |       ||    16
       Ring mail         |       |    44 |    33 ||    77
       Chain mail        |       |       |    21 ||    21
Dodge: Dodged            |    56 |    86 |    90 ||   232

Table legend:
 A = Non-vault XP
 B = Vault XP
 C = Vault XP percentage of total XP
 D = Non-vault monster count
 E = Vault monster count
 F = Vault count percentage of total count
                 A         B        C        D         E       F
            +---------+---------+-------+---------+---------+-------
      Total |    1748 |     175 |   9.1 |     111 |       3 |   2.6
            +---------+---------+-------+---------+---------+-------
        D:1 |      44 |       0 |   0.0 |      20 |       0 |   0.0
        D:2 |      30 |       3 |   9.1 |      10 |       2 |  16.7
        D:3 |     133 |       0 |   0.0 |      24 |       0 |   0.0
        D:4 |     256 |       0 |   0.0 |      21 |       0 |   0.0
        D:5 |     427 |       0 |   0.0 |      15 |       0 |   0.0
        D:6 |     689 |     172 |  20.0 |      19 |       1 |   5.0
        D:7 |     169 |       0 |   0.0 |       2 |       0 |   0.0
            +---------+---------+-------+---------+---------+-------
